 Dungeon Crawl Stone Soup version 0.21-a0-221-gfe971b9 (webtiles) character file.

1 4thArraOfDagon the Magician (level 1, 0/9 HPs)
             Began as a Vine Stalker Wizard on Aug 24, 2017.
             Slain by a centaur skeleton (2 damage)
             ... on level 4 of the Dungeon.
             The game lasted 00:01:35 (411 turns).

4thArraOfDagon the Magician (Vine Stalker Wizard)    Turns: 411, Time: 00:01:36

Health: 0/9        AC:  5    Str:  9    XL:     1   Next: 20%
Magic:  0/5        EV: 10    Int: 18    God:
Gold:   31         SH:  0    Dex: 12    Spells: 5/6 levels left

rFire    . . .     SeeInvis .   (no weapon)
rCold    . . .     Gourm    .   (no shield)
rNeg     . . .     Faith    .   h - +0 ring mail
rPois    .         Spirit   +   b - +0 hat
rElec    .         Reflect  .   (no cloak)
rCorr    +         Harm     .   (no gloves)
MR       .....                  (no boots)
Stlth    +.........             (no amulet)
HPRegen  0.03/turn              j - ring of resist corrosion
MPRegen  0.09/turn              (no ring)

@: no status effects
A: fangs 2, magic shield, antimagic bite, no potion heal 3, rot immunity
a: no special abilities


You were on level 4 of the Dungeon.
You were not hungry.

You visited 1 branch of the dungeon, and saw 5 of its levels.

You collected 31 gold pieces.

Inventory:

Armour
 a - a +0 robe
 b - a +0 hat (worn)
 h - a +0 ring mail (worn)
Jewellery
 j - a ring of resist corrosion (left hand)
Scrolls
 f - a scroll of recharging
 k - 2 scrolls of enchant weapon
Potions
 e - 3 potions of flight
Books
 c - a book of Minor Magic

   Spells                             Type                      Level
   a - Magic Dart                     Conjuration                  1
   b - Blink                          Translocation                2
   c - Call Imp                       Summoning                    2
   d - Slow                           Hexes                        2
   e - Conjure Flame                  Conjuration/Fire             3
   f - Mephitic Cloud                 Conjuration/Poison/Air       3
Comestibles
 d - 2 bread rations
 i - a meat ration


   Skills:
 - Level 1.5 Dodging
 - Level 2.4 Stealth
 * Level 0.4 Unarmed Combat
 - Level 3.2 Spellcasting
 - Level 1.0 Conjurations
   Level 1.0 Summonings
   Level 1.0 Translocations


You had 5 spell levels left.
You knew the following spells:

 Your Spells              Type           Power        Failure   Level  Hunger
a - Magic Dart            Conj           #...         28%         1    None


Dungeon Overview and Level Annotations

Branches:
Dungeon (5/15)
 Temple: D:4-7

Altars:


Innate Abilities, Weirdness & Mutations

You have extremely sharp teeth.
When hurt, damage is shared between your health and your magic reserves.
Your bite disrupts and absorbs the magic of your enemies.
Potions cannot restore your health.
You are immune to rotting.


Message History

You hit the centaur skeleton.
The centaur skeleton is lightly damaged.
The centaur skeleton hits you. x2
* * * LOW HITPOINT WARNING * * *
Unknown command.
A gnoll comes into view.
Unknown command.
The gnoll shouts!
A gnoll comes into view. It is wielding a whip.
A gnoll comes into view.
The centaur skeleton hits you but does no damage.
The gnoll shouts!
Unknown command.
The centaur skeleton hits you but does no damage.
Unknown command.
You hit the centaur skeleton.
The centaur skeleton is lightly damaged.
The centaur skeleton closely misses you.
The centaur skeleton hits you.
You die...

#..... #.....
##...# #.....
.....#
##.....######
.....##
#......>....+
.......
#.#####.#####
.....# #....#
.....#
#....######.....##
#.....g.gZ@.......
#...g######.....##
#....# .......
#....# .......
#....# .......
#..gg# .....##
#....# .....#
#.... .....#


You could see 3 gnolls and a centaur skeleton.

Vanquished Creatures
  A quokka (D:2)
1 creature vanquished.

Notes
Turn   | Place    | Note
-------+----------+-------------------------------------------
     0 | D:1      | 4thArraOfDagon the Vine Stalker Wizard began the quest for the Orb.
     0 | D:1      | Reached XP level 1. HP: 9/9 MP: 5/5
   174 | D:4      | Noticed an ogre
   192 | D:5      | Entered Level 5 of the Dungeon
   211 | D:5      | Noticed a crimson imp
   411 | D:4      | Slain by a centaur skeleton

Vault maps used:
D:1:      lightli_arrival_quake, minmay_tetromino_i4
D:2:      fedhas_altar_4
D:3:      uniq_natasha, uniq_crazy_yiuf_cottage
D:4:      grunt_temple_overflow_bloody_war, lemuel_round_altar,
          minmay_temple_entry_statues_pillars, grunt_qazlal_clouds
D:5:      first_bread

Action                   || total
-------------------------++-------
Melee: Unarmed           ||     5
       Bite              ||     1
 Cast: Magic Dart        ||     3
  Use: Scroll            ||     2
       Potion            ||     1
Armor: Ring mail         ||     4
Dodge: Dodged            ||     3

Table legend:
 A = Spawn XP
 B = Non-spawn XP
 C = Spawn XP percentage of total XP
 D = Spawn monster count
 E = Non-spawn monster count
 F = Spawn count percentage of total count
 G = Total turns spent on level
                    A         B        C        D         E        F      G
               +---------+---------+-------+---------+---------+-------+---------
         Total |       0 |       2 |   0.0 |       0 |       1 |   0.0 |   411
               +---------+---------+-------+---------+---------+-------+---------
           D:2 |       0 |       2 |   0.0 |       0 |       1 |   0.0 |    36
               +---------+---------+-------+---------+---------+-------+---------
